[Event "FICS rated blitz game"]
[Site "FICS freechess.org"]
[FICSGamesDBGameNo "20000471"]
[White "erkan"]
[Black "lemminghero"]
[WhiteElo "1653"]
[BlackElo "1839"]
[WhiteRD "na"]
[BlackRD "na"]
[TimeControl "300+0"]
[Date "1999.04.23"]
[Time "20:23:00"]
[WhiteClock "0:05:00.000"]
[BlackClock "0:05:00.000"]
[ECO "B24"]
[PlyCount "102"]
[Result "0-1"]

1. e4 c5 2. Nc3 Nc6 3. g3 g6 4. Bg2 Bg7 5. d3 e6 6. f4 Nge7 7. Nh3 O-O 8. O-O f5 9. Be3 d6 10. Nf2 Nd4 11. h3 Nec6 12. g4 Rb8 13. Ne2 Nxe2+ 14. Qxe2 Bxb2 15. Rab1 Bg7 16. c3 Bxc3 17. g5 Bg7 18. h4 Nd4 19. Qd1 b5 20. h5 a5 21. Nh3 b4 22. Kf2 Ba6 23. Rh1 Bb5 24. Kg1 a4 25. Nf2 Bd7 26. hxg6 hxg6 27. Bxd4 Bxd4 28. Qf3 Kg7 29. e5 dxe5 30. fxe5 Bxe5 31. Rh6 Rh8 32. Qh3 Qxg5 33. Rxh8 Rxh8 34. Qf3 Bd4 35. Rf1 Qh4 36. Re1 Qxf2+ 37. Qxf2 Bxf2+ 38. Kxf2 Kf6 39. Rc1 Rc8 40. Ke3 g5 41. Bb7 f4+ 42. Kd2 Rc7 43. Bf3 Kf5 44. Be4+ Kf6 45. Bf3 Bc6 46. Bg4 Bd5 47. a3 b3 48. Kc3 Ke5 49. Kb2 Kd4 50. Rc3 Rh7 51. Bd1 Rh2+ {White resigns} 0-1

[Event "FICS rated blitz game"]
[Site "FICS freechess.org"]
[FICSGamesDBGameNo "20000470"]
[White "sorcio"]
[Black "bral"]
[WhiteElo "1891"]
[BlackElo "2102"]
[WhiteRD "na"]
[BlackRD "na"]
[TimeControl "240+0"]
[Date "1999.04.23"]
[Time "16:27:00"]
[WhiteClock "0:04:00.000"]
[BlackClock "0:04:00.000"]
[ECO "B12"]
[PlyCount "76"]
[Result "0-1"]

1. e4 c6 2. d4 d5 3. e5 Bf5 4. h4 Qc8 5. c4 dxc4 6. Bxc4 Bxb1 7. Rxb1 e6 8. Be3 Ne7 9. Rc1 Nd7 10. Ne2 Nb6 11. O-O Nxc4 12. b3 Nxe3 13. fxe3 Nf5 14. Qd3 Qd7 15. h5 O-O-O 16. b4 Kb8 17. a3 Be7 18. e4 Nxd4 19. Nxd4 Qxd4+ 20. Qxd4 Rxd4 21. Rxf7 Bg5 22. Re1 Rhd8 23. Rxg7 h6 24. Rg6 Rd1 25. Kf1 Rxe1+ 26. Kxe1 Rd4 27. Rxe6 Rxe4+ 28. Kf2 Kc7 29. Kf3 Re1 30. Re8 Kb6 31. e6 Kc7 32. Kg4 Kd6 33. Rb8 b5 34. Rb7 Kxe6 35. Rxa7 Ra1 36. Ra6 Kd5 37. a4 Rxa4 38. Ra8 Rxa8 {White resigns} 0-1

[Event "FICS rated blitz game"]
[Site "FICS freechess.org"]
[FICSGamesDBGameNo "20000469"]
[White "colinpace"]
[Black "Asher"]
[WhiteElo "1599"]
[BlackElo "1625"]
[WhiteRD "na"]
[BlackRD "na"]
[TimeControl "120+12"]
[Date "1999.04.23"]
[Time "16:11:00"]
[WhiteClock "0:02:00.000"]
[BlackClock "0:02:00.000"]
[ECO "B06"]
[PlyCount "59"]
[Result "1-0"]

1. e4 g6 2. d4 Bg7 3. Nc3 c6 4. Bc4 d5 5. exd5 cxd5 6. Bxd5 e6 7. Bb3 Qxd4 8. Qe2 Nc6 9. Be3 Qb4 10. O-O-O Nge7 11. a3 Qa5 12. Nf3 Nf5 13. g4 Nxe3 14. Qxe3 O-O 15. h4 Qb6 16. Qe2 Na5 17. Ba2 Nc6 18. h5 e5 19. hxg6 hxg6 20. Qe4 Ne7 21. Nxe5 Be6 22. Bxe6 Qxe6 23. f4 f6 24. Rd6 Qxd6 25. Qc4+ Nd5 26. Nxd5 Bh6 27. Rxh6 fxe5 28. Ne7+ Kg7 29. Rxg6+ Kh7 30. Rxd6 {Black resigns} 1-0

[Event "FICS rated blitz game"]
[Site "FICS freechess.org"]
[FICSGamesDBGameNo "20000467"]
[White "OJSimpson"]
[Black "sooner"]
[WhiteElo "1794"]
[BlackElo "1848"]
[WhiteRD "na"]
[BlackRD "na"]
[TimeControl "180+0"]
[Date "1999.04.23"]
[Time "15:35:00"]
[WhiteClock "0:03:00.000"]
[BlackClock "0:03:00.000"]
[ECO "D15"]
[PlyCount "86"]
[Result "0-1"]

1. d4 d5 2. c4 c6 3. Nf3 Nf6 4. Nc3 dxc4 5. e4 b5 6. e5 Nd5 7. Ne4 e6 8. Be2 Be7 9. h4 Nd7 10. a4 Qb6 11. Bg5 Bxg5 12. Nd6+ Kf8 13. Nxg5 Qa5+ 14. Kf1 h6 15. Ngxf7 Qb4 16. Nxh8 Kg8 17. Ng6 Qxb2 18. Rb1 Qa2 19. Rc1 a5 20. axb5 c3 21. Bc4 Qa3 22. bxc6 N7b6 23. Bxd5 Nxd5 24. Rh3 a4 25. Nb5 Qb4 26. Nxc3 a3 27. Nxd5 exd5 28. Rb1 Qc4+ 29. Kg1 Qxc6 30. Ne7+ Kh8 31. Nxc6 Bd7 32. Ne7 Be6 33. Ng6+ Kg8 34. Rg3 Bf5 35. Ra1 a2 36. Qf3 Be4 37. Qf4 Rb8 38. e6 Rb1+ 39. Kh2 Rxa1 40. Qf8+ Kh7 41. Nf4 Rh1+ 42. Kxh1 a1=Q+ 43. Kh2 Qxd4 {White forfeits on time} 0-1

[Event "FICS rated blitz game"]
[Site "FICS freechess.org"]
[FICSGamesDBGameNo "20000466"]
[White "Seagaard"]
[Black "Britt"]
[WhiteElo "2196"]
[BlackElo "1915"]
[WhiteRD "na"]
[BlackRD "na"]
[TimeControl "180+0"]
[Date "1999.04.23"]
[Time "14:43:00"]
[WhiteClock "0:03:00.000"]
[BlackClock "0:03:00.000"]
[ECO "C42"]
[PlyCount "39"]
[Result "1-0"]

1. e4 e5 2. Nf3 Nf6 3. Nxe5 d6 4. Nxf7 Kxf7 5. d4 c5 6. dxc5 Nc6 7. Bc4+ Be6 8. Bxe6+ Kxe6 9. Nc3 d5 10. O-O dxe4 11. Qe2 Kf7 12. Qc4+ Ke8 13. Bg5 Be7 14. Rfe1 Qc7 15. Nxe4 Ne5 16. Qe6 Qc6 17. Nd6+ Kd8 18. Rxe5 Qd7 19. Nf7+ Kc7 20. Nxh8 {Black resigns} 1-0

[Event "FICS rated blitz game"]
[Site "FICS freechess.org"]
[FICSGamesDBGameNo "20000465"]
[White "cecilturtle"]
[Black "Kobor"]
[WhiteElo "1231"]
[BlackElo "1389"]
[WhiteRD "na"]
[BlackRD "na"]
[TimeControl "300+7"]
[Date "1999.04.23"]
[Time "13:28:00"]
[WhiteClock "0:05:00.000"]
[BlackClock "0:05:00.000"]
[ECO "C45"]
[PlyCount "84"]
[Result "0-1"]

1. e4 e5 2. Nf3 Nc6 3. d4 exd4 4. Nxd4 Bc5 5. Be3 Nxd4 6. Bxd4 Bxd4 7. Qxd4 Nf6 8. Nc3 O-O 9. Bd3 d6 10. O-O b6 11. e5 dxe5 12. Qxe5 Bb7 13. Rad1 Qc8 14. Bf5 Qe8 15. Qxc7 Qc6 16. Qxc6 Bxc6 17. Rfe1 Rad8 18. Rxd8 Rxd8 19. Bd3 g6 20. f3 Nd7 21. b4 a5 22. b5 Bb7 23. a4 Nc5 24. Re7 Kf8 25. Rc7 Ba8 26. Kf2 Ke8 27. Bc4 Rd7 28. Rxd7 Nxd7 29. Nd5 Bxd5 30. Bxd5 Nc5 31. Bb3 Ke7 32. Ke3 Kd6 33. g4 f6 34. Kd4 h6 35. h4 g5 36. hxg5 hxg5 37. Kc3 Ke5 38. Bf7 Nxa4+ 39. Kc4 Nc5 40. Bg6 Kf4 41. Be4 Nxe4 42. fxe4 Kxe4 {White resigns} 0-1

[Event "FICS rated blitz game"]
[Site "FICS freechess.org"]
[FICSGamesDBGameNo "20000464"]
[White "perl"]
[Black "Drakem"]
[WhiteElo "1581"]
[BlackElo "1623"]
[WhiteRD "na"]
[BlackRD "na"]
[TimeControl "300+0"]
[Date "1999.04.23"]
[Time "12:49:00"]
[WhiteClock "0:05:00.000"]
[BlackClock "0:05:00.000"]
[ECO "B21"]
[PlyCount "56"]
[Result "0-1"]

1. e4 c5 2. d4 cxd4 3. c3 dxc3 4. Bc4 Nf6 5. e5 Ng8 6. Qb3 e6 7. Nxc3 Nc6 8. Nge2 Na5 9. Qa4 Nxc4 10. Qxc4 d5 11. Qb5+ Qd7 12. Qd3 Ne7 13. O-O Nc6 14. f4 Be7 15. Kh1 b6 16. Ng3 Bb7 17. f5 Nxe5 18. Qe2 Nc4 19. b3 Nd6 20. Bb2 e5 21. Qxe5 f6 22. Qe2 O-O 23. Rae1 Rfe8 24. Qe6+ Qxe6 25. Rxe6 Bc8 26. Ree1 Ba6 27. Rf2 Nf7 28. Nxd5 Bc5 {White resigns} 0-1

[Event "FICS rated blitz game"]
[Site "FICS freechess.org"]
[FICSGamesDBGameNo "20000463"]
[White "twelveknights"]
[Black "Khinman"]
[WhiteElo "1221"]
[BlackElo "1316"]
[WhiteRD "na"]
[BlackRD "na"]
[TimeControl "120+12"]
[Date "1999.04.23"]
[Time "11:15:00"]
[WhiteClock "0:02:00.000"]
[BlackClock "0:02:00.000"]
[ECO "B22"]
[PlyCount "120"]
[Result "0-1"]

1. e4 c5 2. Nf3 Nc6 3. c3 d5 4. Bb5 dxe4 5. Ne5 Bd7 6. Nxc6 Bxc6 7. Bxc6+ bxc6 8. Na3 e5 9. Nc4 Qg5 10. Nd6+ Bxd6 11. d3 Qxg2 12. Rf1 exd3 13. Qxd3 Qd5 14. Qa6 Nf6 15. Be3 O-O 16. Rd1 Qe4 17. Qd3 Qxd3 18. Rxd3 Rfd8 19. Bg5 h6 20. Bxf6 gxf6 21. Rh3 Kh7 22. Rg1 Rg8 23. Rgg3 Rxg3 24. hxg3 e4 25. Rh4 f5 26. Rh5 Kg6 27. Rh1 Rb8 28. b3 c4 29. b4 a5 30. a3 axb4 31. cxb4 Bxb4+ 32. axb4 Rxb4 33. Kd2 Rb2+ 34. Ke3 Kg5 35. Rc1 Rb3+ 36. Kd4 c3 37. Kc4 Ra3 38. Rc2 h5 39. Kb4 Ra1 40. Kxc3 h4 41. gxh4+ Kxh4 42. Kd2 Kg4 43. Ke3 Ra3+ 44. Ke2 f4 45. Ke1 f3 46. Rxc6 Ra1+ 47. Kd2 Rf1 48. Rc4 f5 49. Rc7 Rxf2+ 50. Ke3 Re2+ 51. Kd4 f2 52. Rg7+ Kf3 53. Rf7 Kf4 54. Rh7 f1=Q 55. Rh4+ Kg3 56. Rh8 Qd1+ 57. Ke5 Qa1+ 58. Kxf5 Qxh8 59. Kg5 Qh4+ 60. Kg6 Ra2 {White resigns} 0-1

[Event "FICS rated blitz game"]
[Site "FICS freechess.org"]
[FICSGamesDBGameNo "20000462"]
[White "fighterone"]
[Black "jmchess"]
[WhiteElo "1692"]
[BlackElo "1634"]
[WhiteRD "na"]
[BlackRD "na"]
[TimeControl "300+5"]
[Date "1999.04.23"]
[Time "10:03:00"]
[WhiteClock "0:05:00.000"]
[BlackClock "0:05:00.000"]
[ECO "C26"]
[PlyCount "155"]
[Result "1/2-1/2"]

1. e4 e5 2. Nf3 Nf6 3. Nc3 Bb4 4. Bc4 O-O 5. O-O d6 6. Nd5 Nxd5 7. Bxd5 c6 8. Bb3 Bg4 9. h3 Bh5 10. g4 Bg6 11. d3 Bc5 12. Bg5 Qb6 13. Bh4 Nd7 14. Ng5 h6 15. Ne6 Rfe8 16. Nxc5 Nxc5 17. Kh2 Nxb3 18. axb3 d5 19. exd5 cxd5 20. f4 exf4 21. Rxf4 Qd6 22. Bg3 Qe6 23. Qd2 Qe2+ 24. Rf2 Qxd2 25. Rxd2 a6 26. Kg2 Re6 27. Ra5 d4 28. Rd5 Rae8 29. Rxd4 Re2+ 30. Rxe2 Rxe2+ 31. Kf3 Rxc2 32. Rd8+ Kh7 33. Be5 Rd2 34. d4 Rxb2 35. h4 Rxb3+ 36. Kf4 f6 37. Bd6 Bb1 38. Rd7 a5 39. Bf8 Kh8 40. Bxg7+ Kg8 41. Bxf6 a4 42. Bg7 a3 43. d5 a2 44. d6 Rb4+ 45. Kg3 Be4 46. g5 Bc6 47. Rc7 Rb3+ 48. Kf4 Rd3 49. gxh6 Rxd6 50. Kg5 Rd5+ 51. Kf6 Rd6+ 52. Ke7 Rxh6 53. Bb2 Rh7+ 54. Kd6 Rxc7 55. Kxc7 Kh7 56. Kb6 Kh6 57. Kc5 Kh5 58. Bf6 Be4 59. Be5 Bc6 60. Kb4 Kxh4 61. Ka3 Bd5 62. Kb2 Kg4 63. Ka1 Kf3 64. Bb2 Ke2 65. Bg7 Kd1 66. Bf6 Kc2 67. Bg7 b5 68. Bf6 b4 69. Bg7 b3 70. Bf6 Kd3 71. Bg7 Kc2 72. Bf6 Kc1 73. Bg7 Be6 74. Bf6 Bf7 75. Bg7 Bg6 76. Bf6 Bf5 77. Bg7 Be4 78. Bf6 {Game drawn by mutual agreement} 1/2-1/2

[Event "FICS rated blitz game"]
[Site "FICS freechess.org"]
[FICSGamesDBGameNo "20000461"]
[White "BillieBob"]
[Black "EvilCat"]
[WhiteElo "973"]
[BlackElo "1348"]
[WhiteRD "na"]
[BlackRD "na"]
[TimeControl "300+12"]
[Date "1999.04.22"]
[Time "20:16:00"]
[WhiteClock "0:05:00.000"]
[BlackClock "0:05:00.000"]
[ECO "B01"]
[PlyCount "62"]
[Result "0-1"]

1. e4 d5 2. d3 dxe4 3. g3 Nf6 4. Nc3 exd3 5. Bxd3 Nc6 6. a3 Bg4 7. Nf3 e5 8. Bg5 Be7 9. O-O O-O 10. b4 Nd4 11. Be2 Bh3 12. Re1 Nxf3+ 13. Bxf3 Nd7 14. Nd5 Bxg5 15. Bg4 Bxg4 16. Qxg4 c6 17. Ne3 Bxe3 18. Rxe3 f5 19. Qc4+ Kh8 20. Rae1 Qg5 21. Qe6 f4 22. Re4 fxg3 23. fxg3 Nf6 24. Rxe5 Qd2 25. Qe8 Nxe8 26. R1e2 Qd1+ 27. Re1 Qxc2 28. Re7 Nf6 29. Rxb7 Qd2 30. Ree7 Nd7 31. Rexd7 Qf2+ {White resigns} 0-1

[Event "FICS rated blitz game"]
[Site "FICS freechess.org"]
[FICSGamesDBGameNo "20000460"]
[White "nozzleman"]
[Black "ChoasMaster"]
[WhiteElo "1371"]
[BlackElo "1200"]
[WhiteRD "na"]
[BlackRD "na"]
[TimeControl "120+12"]
[Date "1999.04.22"]
[Time "11:49:00"]
[WhiteClock "0:02:00.000"]
[BlackClock "0:02:00.000"]
[ECO "C44"]
[PlyCount "45"]
[Result "1-0"]

1. e4 e5 2. Nf3 d6 3. d4 Nc6 4. dxe5 Qe7 5. Bb5 Bd7 6. Nc3 a6 7. Nd5 axb5 8. Nxe7 Bxe7 9. Bg5 f6 10. exf6 gxf6 11. Bh4 Nh6 12. O-O Rg8 13. h3 Ne5 14. Nxe5 dxe5 15. Kh2 Ra4 16. Qe2 Bc6 17. f3 Bd6 18. b3 Rd4 19. Bxf6 Kf7 20. Bh4 Nf5 21. Bf2 Ne7 22. Bxd4 exd4+ 23. e5 {Black resigns} 1-0

[Event "FICS rated blitz game"]
[Site "FICS freechess.org"]
[FICSGamesDBGameNo "20000459"]
[White "GTom"]
[Black "ChoasMaster"]
[WhiteElo "1116"]
[BlackElo "1284"]
[WhiteRD "na"]
[BlackRD "na"]
[TimeControl "120+12"]
[Date "1999.04.22"]
[Time "11:30:00"]
[WhiteClock "0:02:00.000"]
[BlackClock "0:02:00.000"]
[ECO "C42"]
[PlyCount "39"]
[Result "1-0"]

1. e4 e5 2. Nf3 Nf6 3. Nc3 Nxe4 4. Nxe4 Be7 5. Nxe5 O-O 6. Nf3 Re8 7. d3 Bb4+ 8. Bd2 Qe7 9. a3 Bc5 10. Be2 b6 11. Nxc5 bxc5 12. Be3 Nc6 13. O-O Ne5 14. Nxe5 Qxe5 15. Re1 a5 16. c3 Ra6 17. d4 Qd5 18. Bxa6 Bxa6 19. dxc5 Re6 20. Qxd5 {Black resigns} 1-0

[Event "FICS rated lightning game"]
[Site "FICS freechess.org"]
[FICSGamesDBGameNo "20000458"]
[White "Sacbutt"]
[Black "knightvision"]
[WhiteElo "1897"]
[BlackElo "1757"]
[WhiteRD "na"]
[BlackRD "na"]
[TimeControl "60+0"]
[Date "1999.04.21"]
[Time "19:03:00"]
[WhiteClock "0:01:00.000"]
[BlackClock "0:01:00.000"]
[ECO "C50"]
[PlyCount "49"]
[Result "1-0"]

1. e4 e5 2. Nf3 Nc6 3. Bc4 d6 4. d4 Bg4 5. O-O Bxf3 6. gxf3 Nf6 7. dxe5 Nxe5 8. Be2 Qd7 9. f4 Neg4 10. f3 Nxh2 11. Kxh2 O-O-O 12. Nc3 a6 13. Be3 h5 14. Nd5 Nxd5 15. Qxd5 h4 16. Qd4 Be7 17. Qa7 Qe6 18. f5 Qe5+ 19. f4 Qa5 20. Bg4 f6 21. e5 dxe5 22. fxe5 Qxe5+ 23. Bf4 Qc5 24. Qa8+ Kd7 25. Rad1+ {Black forfeits on time} 1-0

[Event "FICS rated blitz game"]
[Site "FICS freechess.org"]
[FICSGamesDBGameNo "20000457"]
[White "Pasell"]
[Black "Verkkis"]
[WhiteElo "2100"]
[BlackElo "1938"]
[WhiteRD "na"]
[BlackRD "na"]
[TimeControl "180+0"]
[Date "1999.04.21"]
[Time "09:51:00"]
[WhiteClock "0:03:00.000"]
[BlackClock "0:03:00.000"]
[ECO "B22"]
[PlyCount "55"]
[Result "1-0"]

1. e4 c5 2. Nf3 Nc6 3. c3 d5 4. exd5 Qxd5 5. d4 Nf6 6. Be2 e6 7. O-O Be7 8. Be3 cxd4 9. cxd4 O-O 10. Nc3 Qd6 11. Bg5 Nb4 12. Bxf6 Bxf6 13. a3 Nd5 14. Ne4 Qd8 15. Nxf6+ Qxf6 16. Ne5 b6 17. Bf3 Bb7 18. Nd7 Qg5 19. Nxf8 Rxf8 20. Qc1 Qg6 21. Qb1 Qg5 22. Qe4 Ba8 23. h4 Qf6 24. Qe5 Qxh4 25. Rac1 f6 26. Qxe6+ Kh8 27. Bxd5 Bxd5 28. Qxd5 {Black resigns} 1-0

[Event "FICS rated lightning game"]
[Site "FICS freechess.org"]
[FICSGamesDBGameNo "20000456"]
[White "Hooloovoo"]
[Black "maybegood"]
[WhiteElo "1669"]
[BlackElo "1771"]
[WhiteRD "na"]
[BlackRD "na"]
[TimeControl "120+0"]
[Date "1999.04.21"]
[Time "06:24:00"]
[WhiteClock "0:02:00.000"]
[BlackClock "0:02:00.000"]
[ECO "D31"]
[PlyCount "84"]
[Result "0-1"]

1. d4 d5 2. c4 e6 3. Nc3 c6 4. Nf3 f5 5. Bg5 Nf6 6. e3 Be7 7. Bd3 O-O 8. O-O Ne4 9. Bxe7 Qxe7 10. Ne5 Nd7 11. Nxd7 Bxd7 12. Nxe4 fxe4 13. Be2 Qg5 14. Qd2 Rf6 15. c5 Rg6 16. g3 Rf8 17. Bd1 Rh6 18. f4 exf3 19. Rxf3 Rhf6 20. Rxf6 Qxf6 21. Bc2 e5 22. Bd3 e4 23. Bc2 Bh3 24. Qe2 h5 25. b3 g6 26. Rd1 Kg7 27. a4 Bg4 28. Qf1 Bxd1 29. Qxf6+ Rxf6 30. Bxd1 Kh6 31. Kg2 g5 32. b4 g4 33. a5 Kg5 34. Bc2 Rf8 35. Bd1 Rb8 36. Bc2 b6 37. a6 bxc5 38. dxc5 Rxb4 39. Bd1 Rb2+ 40. Kf1 Ra2 41. Ke1 Rxa6 42. Be2 Ra1+ {White forfeits on time} 0-1

[Event "FICS rated blitz game"]
[Site "FICS freechess.org"]
[FICSGamesDBGameNo "20000455"]
[White "Pierlu"]
[Black "rup"]
[WhiteElo "1454"]
[BlackElo "1580"]
[WhiteRD "na"]
[BlackRD "na"]
[TimeControl "120+12"]
[Date "1999.04.21"]
[Time "05:05:00"]
[WhiteClock "0:02:00.000"]
[BlackClock "0:02:00.000"]
[ECO "C40"]
[PlyCount "35"]
[Result "1-0"]

1. e4 e5 2. Nf3 d5 3. Nc3 d4 4. Ne2 Bd6 5. d3 Bg4 6. Ng3 h6 7. Be2 Nf6 8. Nxd4 Bxe2 9. Ndxe2 Nc6 10. f4 exf4 11. Bxf4 Bc5 12. Qd2 O-O 13. h3 Qe7 14. O-O-O Rad8 15. Nf5 Qe6 16. Bxh6 Qxa2 17. Qg5 Nxe4 18. Qxg7# {Black checkmated} 1-0

[Event "FICS rated blitz game"]
[Site "FICS freechess.org"]
[FICSGamesDBGameNo "20000454"]
[White "tarrax"]
[Black "briano"]
[WhiteElo "1670"]
[BlackElo "1714"]
[WhiteRD "na"]
[BlackRD "na"]
[TimeControl "300+0"]
[Date "1999.04.20"]
[Time "15:50:00"]
[WhiteClock "0:05:00.000"]
[BlackClock "0:05:00.000"]
[ECO "D07"]
[PlyCount "63"]
[Result "0-1"]

1. d4 d5 2. c4 Nc6 3. cxd5 Qxd5 4. e3 e5 5. Nf3 Bg4 6. Be2 exd4 7. O-O O-O-O 8. exd4 Bb4 9. Nc3 Bxc3 10. bxc3 Nf6 11. Qb3 Rhe8 12. Be3 Qxb3 13. axb3 Ne4 14. Bb5 Nxc3 15. Bxc6 bxc6 16. Rxa7 Ne2+ 17. Kh1 Bxf3 18. gxf3 Nxd4 19. Bf4 Ne6 20. Bg3 Rd3 21. Rc1 c5 22. b4 Rxf3 23. bxc5 f5 24. c6 Kd8 25. Rd1+ Ke7 26. Rd7+ Kf6 27. Rf7+ Kg6 28. h4 Kxf7 29. Bxc7 Re7 30. Bb6 Rxa7 31. Bxa7 Rc3 32. Kg2 {White resigns} 0-1

[Event "FICS rated blitz game"]
[Site "FICS freechess.org"]
[FICSGamesDBGameNo "20000453"]
[White "krell"]
[Black "Qsupov"]
[WhiteElo "1581"]
[BlackElo "1692"]
[WhiteRD "na"]
[BlackRD "na"]
[TimeControl "180+0"]
[Date "1999.04.20"]
[Time "14:51:00"]
[WhiteClock "0:03:00.000"]
[BlackClock "0:03:00.000"]
[ECO "A00"]
[PlyCount "50"]
[Result "0-1"]

1. Nc3 Nf6 2. Nb5 a6 3. Nd4 e5 4. Ndf3 e4 5. Nd4 d5 6. e3 c5 7. a4 cxd4 8. exd4 Nc6 9. Ne2 Bf5 10. c3 Bd6 11. Ng3 Bg6 12. Be2 O-O 13. O-O Ne7 14. f4 Nf5 15. Nxf5 Bxf5 16. g4 Bd7 17. g5 Ne8 18. h4 Qc7 19. d3 f5 20. dxe4 fxe4 21. c4 Bxf4 22. Bxf4 Rxf4 23. Rxf4 Qxf4 24. cxd5 Qe3+ 25. Kg2 Nd6 {White resigns} 0-1

[Event "FICS rated blitz game"]
[Site "FICS freechess.org"]
[FICSGamesDBGameNo "20000452"]
[White "arquimedes"]
[Black "persidis"]
[WhiteElo "1503"]
[BlackElo "1294"]
[WhiteRD "na"]
[BlackRD "na"]
[TimeControl "120+12"]
[Date "1999.04.20"]
[Time "11:24:00"]
[WhiteClock "0:02:00.000"]
[BlackClock "0:02:00.000"]
[ECO "A04"]
[PlyCount "67"]
[Result "1-0"]

1. Nf3 Nc6 2. d4 d5 3. e3 Bg4 4. Nbd2 e6 5. h3 Bh5 6. Bd3 Nf6 7. O-O Bd6 8. Qe1 Bxf3 9. Nxf3 Ne4 10. Nd2 f5 11. Bxe4 dxe4 12. f3 exf3 13. Nxf3 Qe7 14. e4 f4 15. e5 Bb4 16. c3 Ba5 17. Bxf4 O-O-O 18. Bg5 Qe8 19. Bxd8 Qxd8 20. Qh4 g5 21. Qxg5 Qd5 22. Nd2 Bb6 23. Rf7 Nd8 24. Rg7 c5 25. Rf1 cxd4 26. c4 d3+ 27. Kh1 Qd4 28. Qe7 Qe3 29. Qd7+ Kb8 30. Qd6+ Ka8 31. Nf3 Bc5 32. Qd7 Rf8 33. a3 Bd4 34. Qc8# {Black checkmated} 1-0

[Event "FICS rated standard game"]
[Site "FICS freechess.org"]
[FICSGamesDBGameNo "20000451"]
[White "jordanbrilliant"]
[Black "Golgd"]
[WhiteElo "1383"]
[BlackElo "1401"]
[WhiteRD "na"]
[BlackRD "na"]
[TimeControl "1200+12"]
[Date "1999.04.20"]
[Time "04:22:00"]
[WhiteClock "0:20:00.000"]
[BlackClock "0:20:00.000"]
[ECO "B32"]
[PlyCount "59"]
[Result "1-0"]

1. e4 c5 2. Nf3 Nc6 3. d4 Qa5+ 4. Nc3 cxd4 5. Nxd4 Qc7 6. Bc4 a6 7. O-O Ne5 8. Bd5 Nf6 9. Bb3 e6 10. Bg5 Be7 11. Bf4 b5 12. Bxe5 Qxe5 13. Nf3 Qc7 14. Re1 Bb4 15. e5 Bxc3 16. bxc3 Ng8 17. Ng5 Bb7 18. Qh5 Nh6 19. a4 O-O 20. Qh3 Rac8 21. Re3 Qa5 22. Rg3 bxa4 23. Nxe6 Qxe5 24. Qxh6 dxe6 25. Bxa4 Rxc3 26. Qh4 Rxg3 27. hxg3 Qxa1+ 28. Kh2 Qf1 29. f3 Rd8 30. Qxd8# {Black checkmated} 1-0

[Event "FICS rated blitz game"]
[Site "FICS freechess.org"]
[FICSGamesDBGameNo "20000450"]
[White "Quire"]
[Black "EvilCat"]
[WhiteElo "1328"]
[BlackElo "1348"]
[WhiteRD "na"]
[BlackRD "na"]
[TimeControl "120+12"]
[Date "1999.04.19"]
[Time "20:13:00"]
[WhiteClock "0:02:00.000"]
[BlackClock "0:02:00.000"]
[ECO "C42"]
[PlyCount "52"]
[Result "0-1"]

1. e4 e5 2. Nf3 Nf6 3. Nxe5 d6 4. Nf3 Nxe4 5. d4 Nf6 6. Bg5 Be7 7. Bc4 O-O 8. O-O Be6 9. Bxe6 fxe6 10. Re1 Qd7 11. Nc3 Nc6 12. d5 exd5 13. Nxd5 Nxd5 14. Qxd5+ Kh8 15. Bxe7 Nxe7 16. Qxb7 Nc6 17. Qb3 Rab8 18. Qc3 Rbe8 19. Rad1 Ne7 20. Ne5 Qf5 21. Nf3 Ng6 22. Qxc7 Nf4 23. Qxd6 Qg4 24. g3 Nh3+ 25. Kg2 Nxf2 26. Rxe8 Qxf3+ {White forfeits on time} 0-1

[Event "FICS rated blitz game"]
[Site "FICS freechess.org"]
[FICSGamesDBGameNo "20000449"]
[White "vladamir"]
[Black "BlueKasparov"]
[WhiteElo "1262"]
[BlackElo "1314"]
[WhiteRD "na"]
[BlackRD "na"]
[TimeControl "180+0"]
[Date "1999.04.19"]
[Time "17:10:00"]
[WhiteClock "0:03:00.000"]
[BlackClock "0:03:00.000"]
[ECO "B95"]
[PlyCount "40"]
[Result "0-1"]

1. e4 c5 2. Nf3 d6 3. d4 cxd4 4. Nxd4 Nf6 5. Nc3 a6 6. Be2 e6 7. Bg5 h6 8. Bh4 b5 9. a3 Be7 10. O-O Bb7 11. Qd3 Nbd7 12. Kh1 Ne5 13. Bxf6 Nxd3 14. Bxe7 Qxe7 15. Bxd3 O-O 16. Rad1 f5 17. exf5 exf5 18. Bxf5 Rxf5 19. Nxf5 Qg5 20. Nxd6 Qxg2# {White checkmated} 0-1

[Event "FICS rated blitz game"]
[Site "FICS freechess.org"]
[FICSGamesDBGameNo "20000448"]
[White "sgh"]
[Black "maykx"]
[WhiteElo "1677"]
[BlackElo "1623"]
[WhiteRD "na"]
[BlackRD "na"]
[TimeControl "300+0"]
[Date "1999.04.19"]
[Time "10:31:00"]
[WhiteClock "0:05:00.000"]
[BlackClock "0:05:00.000"]
[ECO "A15"]
[PlyCount "95"]
[Result "1-0"]

1. c4 Nf6 2. g3 e6 3. Bg2 d5 4. cxd5 exd5 5. d4 Be6 6. e3 Bd6 7. Ne2 c6 8. Nbc3 O-O 9. O-O Qc7 10. Bd2 Nbd7 11. Rc1 h6 12. Nb5 Qb8 13. Nxd6 Qxd6 14. a3 Nh7 15. Bb4 Qb8 16. Bxf8 Qxf8 17. Nf4 Qe7 18. Qb3 Rb8 19. Nxe6 fxe6 20. Qd3 e5 21. dxe5 Nxe5 22. Qd4 Ng5 23. Qxa7 Ngf3+ 24. Bxf3 Nxf3+ 25. Kg2 Rf8 26. Qc5 Qe4 27. Qb4 Nh4+ 28. Kh3 Qg2+ 29. Kxh4 Qxh2+ 30. Kg4 h5+ 31. Kg5 Qh3 32. Qxf8+ Kxf8 33. Kf4 Qg4+ 34. Ke5 Qe4+ 35. Kd6 Ke8 36. Kc7 Qe7+ 37. Kb6 Kd8 38. Rfe1 Qd6 39. Rcd1 Kc8 40. e4 Qc7+ 41. Kc5 b6+ 42. Kb4 Qd6+ 43. Kb3 Qc5 44. exd5 Qb5+ 45. Ka2 Qc4+ 46. Ka1 Kb7 47. dxc6+ Qxc6 48. Rc1 {Black forfeits on time} 1-0

[Event "FICS rated blitz game"]
[Site "FICS freechess.org"]
[FICSGamesDBGameNo "20000447"]
[White "flojo"]
[Black "Zaupa"]
[WhiteElo "1800"]
[BlackElo "1757"]
[WhiteRD "na"]
[BlackRD "na"]
[TimeControl "180+1"]
[Date "1999.04.19"]
[Time "08:16:00"]
[WhiteClock "0:03:00.000"]
[BlackClock "0:03:00.000"]
[ECO "E65"]
[PlyCount "125"]
[Result "1-0"]

1. c4 Nf6 2. Nc3 g6 3. g3 Bg7 4. Bg2 c5 5. Nf3 O-O 6. O-O d6 7. d4 cxd4 8. Nxd4 Bd7 9. b3 Nc6 10. Bb2 a6 11. Nd5 Nxd5 12. Bxd5 Rc8 13. Nxc6 bxc6 14. Bxg7 Kxg7 15. Bg2 c5 16. Qd2 Bc6 17. Rae1 Bxg2 18. Kxg2 Qc7 19. e4 Qb6 20. f4 Qc6 21. Qd5 Qd7 22. e5 Qf5 23. exd6 exd6 24. Qxd6 Qc2+ 25. Rf2 Qc3 26. Qe5+ Qxe5 27. Rxe5 Rfe8 28. Rfe2 Red8 29. Kf3 a5 30. Rd5 Rf8 31. Ree5 a4 32. Rxc5 axb3 33. axb3 Rb8 34. Rb5 Rbc8 35. Re7 Rcd8 36. Rbb7 Rd3+ 37. Ke4 Rd2 38. h4 Kf6 39. Rec7 Re2+ 40. Kf3 Rc2 41. Rc6+ Kg7 42. Rcc7 Rc3+ 43. Kg2 h5 44. c5 Kf6 45. c6 Ke6 46. Re7+ Kd6 47. Rxf7 Rc2+ 48. Kh3 Rxf7 49. Rxf7 Kxc6 50. Rf6+ Kb5 51. Rxg6 Kb4 52. Rg5 Kxb3 53. Rxh5 Kc4 54. Re5 Kd4 55. Kg4 Rc3 56. h5 Rd3 57. h6 Rd2 58. h7 Rh2 59. Re7 Kd5 60. f5 Kd6 61. f6 Rh6 62. Kg5 Rh3 63. g4 {Black resigns} 1-0